 Dungeon Crawl Stone Soup version 0.29.1-13-g9f3cf754e1 (webtiles) character file.

Game seed: 4104978614162095830

6 protoss039 the Digger (level 1, -2/14 HPs)
             Began as a Demonspawn Earth Elementalist on Feb 9, 2023.
             Killed from afar by a dart slug (4 damage)
             ... with a slug dart
             ... on level 2 of the Dungeon.
             The game lasted 00:00:27 (62 turns).

protoss039 the Digger (Demonspawn Earth Elementalist) Turns: 62, Time: 00:00:27

Health: -2/14      AC:  2    Str:  8    XL:     1   Next: 75%
Magic:  2/3        EV: 12    Int: 16    God:
Gold:   13         SH:  0    Dex: 13    Spells: 3/4 levels left

rFire   . . .      SeeInvis .   c - +6 whip
rCold   . . .      Faith    .   (no shield)
rNeg    . . .      Spirit   .   a - +0 robe
rPois   .          Reflect  .   (no helmet)
rElec   .          Harm     .   (no cloak)
rCorr   .          Rampage  .   (no gloves)
Will    .....                   (no boots)
Stlth   ++........              (no amulet)
HPRegen 0.04/turn               (no ring)
MPRegen 0.08/turn               (no ring)

@: no status effects
A: no striking features
a: no special abilities


You were on level 2 of the Dungeon.
You visited 1 branch of the dungeon, and saw 2 of its levels.

You collected 13 gold pieces.

Inventory:

Hand Weapons
 c - a +6 whip (weapon)
Armour
 a - a +0 robe (worn)
Scrolls
 d - a scroll of identify {unknown}
Potions
 b - a potion of magic


   Skills:
 + Level 0.5 Fighting
 - Level 1.7 Dodging
 - Level 1.7 Stealth
 + Level 2.1 Spellcasting
 - Level 0.8 Transmutations
 + Level 2.8 Earth Magic


You had 3 spell levels left.
You knew the following spells:

 Your Spells              Type           Power      Damage    Failure   Level
a - Sandblast             Erth           20%        2d7       6%          1

Your spell library contained the following spells:

 Spells                   Type           Power      Damage    Failure   Level
 Passwall                 Tmut/Erth      5%         N/A       14%         2
 Stone Arrow              Conj/Erth      12%        3d7       34%         3
 Petrify                  Tmut/Erth      7%         N/A       67%         4


Dungeon Overview and Level Annotations

Branches:
Dungeon (1/15) Zot: 11935

Altars:

Shops:
D:2 =


Message History

Unknown command.
No target in view!
Found a scroll labelled ARONAITUKHI.
A kobold comes into view. It is wielding a +0 short sword.
You see here a scroll labelled KIF HELLOIVVU.
There are monsters nearby!
There are monsters nearby!
A dart slug comes into view.
A rat comes into view.
You closely miss the frilled lizard.
The kobold throws a stone.
The stone closely misses you. The frilled lizard bites you.
Unknown command.
You closely miss the frilled lizard. The frilled lizard bites you.
Unknown command.
You closely miss the frilled lizard.
A dart slug comes into view.
The frilled lizard bites you.
Unknown command.
You hit the kobold.
The kobold is heavily wounded.
The kobold hits you with a +0 short sword.
The frilled lizard closely misses you. The dart slug launches a dart at you.
The slug dart hits you.
Unknown command.
Casting: Sandblast (safe; 6% risk of failure)
Confirm with . or Enter, or press ? or * to list all spells.
Aiming: Sandblast (safe; 6% risk of failure)
Press: ? - help, Shift-Dir - straight line, f - kobold
Aim: a kobold, wielding a +0 short sword and quivering stones (heavily wounded, 77% to hit)
The blast of sand hits the kobold.
You kill the kobold!
The frilled lizard bites you.
* * * LOW HITPOINT WARNING * * *
The frilled lizard bites you but does no damage.
Unknown command.
You closely miss the frilled lizard. The dart slug launches a dart at you.
The slug dart hits you.
You die...

$$$.##.
#......#...#.##
.##.
#.###)†...(.#..#.#
.
................#
.###.#...........
#.##....#.#####
##.##..........#
..............#
.#.##..?..#..#.#
#....#.#@)r#.#
#...###...l#....#
#.#. #...w..###. .
# #^.#.....
$.....#.#.#
....?#.w#.##
.......#..##
#..... ...


You could see 2 dart slugs, a frilled lizard and a rat.

Vanquished Creatures
  A ball python (D:2)
  2 kobolds (D:2)
  A goblin (D:2)
  2 rats (D:2)
6 creatures vanquished.

Notes
Turn   | Place    | Note
-------+----------+-------------------------------------------
     0 | D:1      | protoss039 the Demonspawn Earth Elementalist began the
                  | quest for the Orb.
     0 | D:1      | Reached XP level 1. HP: 13/13 MP: 3/3
     8 | D:1      | You fall into a shaft and drop 1 floor!
     8 | D:2      | Found Gosh's Jewellery Boutique.
    62 | D:2      | Killed from afar by a dart slug

Illustrated notes

Levels and vault maps discovered:
D:1:      dpeg_arrival_arbitrary_c, layout_rooms,
          shapermc_ecumenical_altar_ellora, minivault_11
D:2:      layout_rooms, basic_altar, serial_shops, shop_coins,
          minmay_increasing_density

Action                   || total
-------------------------++-------
Melee: Whip              ||    11
 Cast: Sandblast         ||     3
Armor: Robe              ||     1
Dodge: Dodged            ||     6
